 Dungeon Crawl Stone Soup version 0.30-a0-305-g026cb31310 (webtiles) character file.

Game seed: 12737226722665976508

29 blackman the Sneak (level 3, -1/29 HPs)
             Began as a Human Delver on Oct 22, 2022.
             Succumbed to a scorpion's poison
             ... on level 5 of the Dungeon.
             The game lasted 00:01:39 (294 turns).

blackman the Sneak (Human Delver)                    Turns: 294, Time: 00:01:40

Health: -1/29      AC:  3    Str: 12    XL:     3   Next: 32%
Magic:  3/3        EV: 12    Int: 10    God:
Gold:   0          SH:  0    Dex: 16    Spells: 2/2 levels left

rFire   . . .      SeeInvis .    a - +0 falchion
rCold   . . .      Faith    .    (no shield)
rNeg    . . .      Spirit   .    b - +0 leather armour
rPois   .          Reflect  .    (no helmet)
rElec   .          Harm     .    (no cloak)
rCorr   .          Rampage  .    (no gloves)
Will    .....                    (no boots)
Stlth   +++.......               (no amulet)
HPRegen 0.24/turn                (no ring)
MPRegen 0.08/turn                (no ring)

@: lethally poisoned (-1 -> -11), hasted (expiring), very quick
A: no striking features
a: no special abilities


You were on level 5 of the Dungeon.
You visited 1 branch of the dungeon, and saw 2 of its levels.

Inventory:

Hand Weapons
 a - a +0 falchion (weapon)
Armour
 b - a +0 leather armour (worn)
 e - a +0 ring mail
Wands
 g - a wand of digging (3)
Scrolls
 c - a scroll of fog
 h - a scroll of vulnerability


   Skills:
 - Level 3.0 Fighting
 + Level 3.5 Long Blades
 - Level 2.0 Dodging
 - Level 5.0 Stealth


You had 2 spell levels left.
You didn't know any spells.
Your spell library was empty.

Dungeon Overview and Level Annotations

Branches:
Dungeon (6/15)
 Temple: D:4-7

Altars:


Message History

The adder is almost dead.
The adder barely misses you.
You closely miss the adder.
The adder is almost dead.
You feel sick. The adder misses you.
You barely miss the adder.
The adder is almost dead.
You feel sick. The adder bites you.
You are more poisoned.
The adder poisons you!
The jackal barks!
You hit the adder.
You kill the adder!
You feel sick.
As you read the scroll labelled KEBBAS FETEF, it crumbles to dust.
It is a scroll of identify.
h - a scroll of vulnerability Your extra speed is starting to run out.
You feel sick.
Unknown command.
You barely miss the scorpion.
You feel sick. The scorpion misses you.
You hit the scorpion.
The scorpion is moderately wounded.
You feel sick.
The scorpion stings you but does no damage.
You hit the scorpion.
The scorpion is heavily wounded.
You feel sick. The scorpion stings you.
* * * LOW HITPOINT WARNING * * *
You are more poisoned.
The scorpion poisons you!
The jackal barks!
You hit the scorpion.
The scorpion is heavily wounded.
* * * LOW HITPOINT WARNING * * *
You feel sick. The scorpion stings you.
* * * LOW HITPOINT WARNING * * *
You completely miss the scorpion.
The scorpion is heavily wounded.
You die...

≈≈≈≈≈≈≈≈≈≈≈~~≈~....~≈≈≈≈
~~~≈~~~~~≈~~~~~....~~~~~
).......................
###....>.....S.h........
#.........####.#.....
#.........# #.# ##.
#.........# #h#
#.....h...# #s#
###...##### #@# #...#
#.# #...# #.# #...# #.#
#...# #.# #...# +.. #..
#... ###g


You could see a scorpion and 2 jackals.

Vanquished Creatures
  A gnoll (D:5)
  2 adders
  A jackal (D:5)
4 creatures vanquished.

Vanquished Creatures (others)
  7 plants (D:5)
7 creatures vanquished.

Grand Total: 11 creatures vanquished

Notes
Turn   | Place    | Note
-------+----------+-------------------------------------------
     0 | D:5      | blackman the Human Delver began the quest for the Orb.
     0 | D:5      | Reached XP level 1. HP: 18/18 MP: 1/1
    10 | D:5      | Noticed an orc wizard
    51 | D:6      | Reached XP level 2. HP: 13/24 MP: 2/2
   116 | D:6      | Noticed an ogre
   116 | D:6      | Noticed a scorpion
   154 | D:6      | Noticed a scorpion
   170 | D:5      | Noticed a scorpion
   261 | D:5      | Noticed a black bear
   263 | D:5      | Reached XP level 3. HP: 22/29 MP: 3/3
   293 | D:5      | HP: 1/29 [scorpion (1)]
   294 | D:5      | Succumbed to a scorpion's poison

Illustrated notes

Levels and vault maps discovered:
D:5:      lemuel_castle_with_subvaults [lemuel_castle_interior_carwin_1],
          layout_basic, mainiacjoe_overflow_chevrons
D:6:      layout_basic, tgw_kikubaaqudgha, hangedman_abyss_or_decor_passed

Skill      XL: |  1  2 |
---------------+-------+-----
Long Blades    | 3 |  3.5
Fighting       | |  3.0
Dodging        | |  2.0
Stealth        | |  5.0

Action                   || total
-------------------------++-------
Melee: Falchion          ||    28
  Use: Scroll            ||     3
       Potion            ||     1
 Stab: Sleeping          ||     1
Armor: Leather armour    ||     6
Dodge: Dodged            ||    14

Table legend: (Time is in decaauts)
 A = Elapsed time spent in this place.
 B = Non-inter-level travel time spent in this place.
 C = Inter-level travel time spent in this place.
 D = Time resting spent in this place.
 E = Time spent auto-exploring this place.
 F = Levels seen in this place.
 G = Mean time per level.
                   A        B        C        D        E       F      G
               +--------+--------+--------+--------+--------+-----+--------+
         Total |    283 |    276 |      7 |      0 |     84 |   2 |  141.5 |
       Dungeon |    283 |    276 |      7 |      0 |     84 |   2 |  141.5 |
               +--------+--------+--------+--------+--------+-----+--------+

Top non-repeatable levels by time:
     D:6: 151 daAuts
     D:5: 131 daAuts
